 Dungeon Crawl Stone Soup version 0.25-a0-566-g062765be81 (webtiles) character file.

Game seed: 12836312318499077869, levelgen mode: deterministic

540 kae the Sneak (level 7, 0/46 HPs)
             Began as a Vampire Enchanter on Feb 28, 2020.
             Was an Initiate of Dithmenos.
             Slain by a gnoll shaman
             ... wielding a +0 whip
              (6 damage)
             ... on level 4 of the Dungeon.
             The game lasted 00:03:53 (3156 turns).

kae the Sneak (Vampire Enchanter)                   Turns: 3156, Time: 00:03:54

Health: 0/46       AC:  3    Str:  7    XL:     7   Next: 5%
Magic:  8/12       EV: 12    Int: 20    God:    Dithmenos [......]
Gold:   173        SH:  0    Dex: 14    Spells: 10/13 levels left

rFire    . . .     SeeInvis +   b - +2 dagger (venom)
rCold    . . .     Gourm    .   (no shield)
rNeg     . . .     Faith    .   d - +0 robe
rPois    .         Spirit   .   (no helmet)
rElec    .         Reflect  .   (no cloak)
rCorr    .         Harm     .   (no gloves)
MR       .....                  j - +0 pair of boots (curse)
Stlth    +++.......             (no amulet)
HPRegen  0.35/turn              (no ring)
MPRegen  0.13/turn              (no ring)

@: regenerating quickly
A: no food, fangs 3, see invisible, unbreathing
a: Exsanguinate, Renounce Religion


You were on level 4 of the Dungeon.
You worshipped Dithmenos.
Dithmenos was noncommittal.
You were alive.

You visited 2 branches of the dungeon, and saw 5 of its levels.
You also visited: Sewer.

You collected 173 gold pieces.

Inventory:

Hand Weapons
 a - a +2 dagger of electrocution
 b - a +2 dagger of venom (weapon)
 c - a +1 dagger
Armour
 d - a +0 robe (worn)
 j - a cursed +0 pair of boots (worn)
Jewellery
 t - a cursed +3 ring of evasion {unknown}
Scrolls
 e - a scroll of random uselessness {unknown}
 g - 7 scrolls of identify {unknown}
 h - 2 scrolls of magic mapping {unknown}
 i - a scroll of amnesia {unknown}
 m - a scroll of remove curse {unknown}
 n - a scroll of teleportation {unknown}
Potions
 f - a potion of stabbing
 k - a potion of magic {unknown}
 l - 2 potions of ambrosia {unknown}
 o - a potion of brilliance {unknown}
 p - 2 potions of curing {unknown}
 q - a potion of cancellation {unknown}
 r - 2 potions of invisibility {unknown}
 s - a potion of haste {unknown}
 u - a potion of flight {unknown}


   Skills:
 * Level 5.2 Short Blades
 - Level 2.1 Dodging
 + Level 6.7 Stealth
 + Level 3.6 Spellcasting
 + Level 6.5 Hexes


You had 10 spell levels left.
You knew the following spells:

 Your Spells              Type           Power        Failure   Level  Hunger
a - Corona                Hex            ####...      1%          1    N/A
b - Ensorcelled Hibernat  Hex/Ice        ###...       5%          2    N/A

Your spell library contained the following spells:

 Spells                   Type           Power        Failure   Level  Hunger
 Confusing Touch          Hex            ####....     2%          3    N/A
 Tukima's Dance           Hex            ####....     2%          3    N/A
 Dazzling Flash           Conj/Hex       ###...       11%         3    N/A

Dungeon Overview and Level Annotations

Branches:
Dungeon (4/15)             Temple (1/1) D:4           Sewer (visited)

Altars:
Cheibriados
Dithmenos
Elyvilon
Fedhas
Gozag
Kikubaaqudgha
Makhleb
Nemelex Xobeh
Qazlal
Uskayaw
Wu Jian
Xom
Zin


Innate Abilities, Weirdness & Mutations

You do not eat.
Your natural rate of healing is unusually fast.
You have razor-sharp teeth.
You have supernaturally acute eyesight. (SInv)
You can survive without breathing.


Message History

The helpless gnoll fails to defend itself.
You perforate the gnoll like a sieve!!!
You kill the gnoll!
Dithmenos accepts your kill. The gnoll barely misses you.
Casting: Ensorcelled Hibernation (safe; 5% risk of failure)
Confirm with . or Enter, or press ? or * to list all spells.
Aiming: Ensorcelled Hibernation (safe; 5% risk of failure)
Press: ? - help, Shift-Dir - straight line, f - gnoll
Aim: a gnoll, wielding a +0 spear (chance to defeat MR: 55%)
The gnoll looks drowsy...
The gnoll shaman hits you with a +0 whip.
The gnoll hits you with a +0 club!
* * * LOW HITPOINT WARNING * * *
The helpless gnoll fails to defend itself.
You skewer the gnoll like a kebab!!!
You kill the gnoll!
Dithmenos accepts your kill.
The gnoll shaman hits you with a +0 whip.
You die...

## #..##....
#.>###..#...#.
..#......#.#.#.
#....##.##...##
#####..##..##..###
..........###.# #.
#####.............###.
#...)...# .........#..
#...)@#.####.#...#....
#....gg..##.....##...#
#.....#......##..##<.#
#######.....^....##..#
###..............#
#.................
#.........###.....
#.†..#....###......[
.....)....###.........


You could see a gnoll shaman and a gnoll.

Vanquished Creatures
  A crocodile (Sewer)
  A scorpion (D:4)
  A howler monkey (D:4)
  A hound (D:4)
  An orc wizard (D:3)
  Terence (D:2)
  A worker ant (D:4)
  4 gnolls
  10 adders
  An ooze (D:4)
  2 worms (D:2)
  2 dart slugs
  6 leopard geckos
  9 orcs
  2 ball pythons
  2 giant cockroaches
  13 hobgoblins
  7 jackals (D:3)
  6 kobolds
  3 quokkas
  17 bats
  7 frilled lizards
  10 goblins
  A leopard gecko skeleton (D:4)
  12 rats
  A plant (D:2)
122 creatures vanquished.

Notes
Turn   | Place    | Note
-------+----------+-------------------------------------------
     0 | D:1      | kae the Vampire Enchanter began the quest for the Orb.
     0 | D:1      | Reached XP level 1. HP: 13/13 MP: 3/3
   138 | D:1      | Reached XP level 2. HP: 15/19 MP: 3/5
   148 | D:1      | Learned a level 2 spell: Ensorcelled Hibernation
   428 | D:1      | Reached XP level 3. HP: 24/24 MP: 6/6
   888 | D:2      | Reached skill level 5 in Stealth
   900 | D:2      | Reached skill level 5 in Hexes
   990 | D:2      | Noticed Terence
   996 | D:2      | Killed Terence
   996 | D:2      | Reached XP level 4. HP: 30/30 MP: 7/7
  1032 | D:2      | Found a stormy altar of Qazlal.
  1260 | D:2      | Found a faded altar of an unknown god.
  1529 | D:3      | Reached XP level 5. HP: 35/35 MP: 9/9
  2294 | D:3      | HP: 1/35 [orc wizard/+0 dagger (2)]
  2442 | D:4      | Found a glowing drain.
  2537 | Sewer    | Entered a sewer
  2565 | Sewer    | Noticed a crocodile
  2572 | Sewer    | Killed a crocodile
  2572 | Sewer    | Reached XP level 6. HP: 38/41 MP: 3/10
  2728 | D:4      | Reached skill level 5 in Short Blades
  2815 | D:4      | Found a staircase to the Ecumenical Temple.
  2843 | Temple   | Entered the Ecumenical Temple
  2957 | Temple   | Became a worshipper of Dithmenos the Shadowed
  3081 | D:4      | Reached XP level 7. HP: 24/46 MP: 12/12
  3156 | D:4      | Slain by a gnoll shaman

Levels and vault maps discovered:
D:1:      minmay_arrival_split_and_join, layout_loops_cross, minivault_23,
          minmay_close_crescents
D:2:      layout_rooms, old_standard_altar, chequers_ecumenical_altar_lobes,
          uniq_terence
D:3:      layout_loops_corners, minmay_fractal_squares_5,
          uniq_crazy_yiuf_cottage
D:4:      minmay_wonky_spiral, layout_rooms, minmay_temple_entry_junction_2,
          gup_sewer_entry_glass, first_ration, minmay_unequal
Temple:   nicolae_temple_hex_pool

Skill      XL: |  1  2  3  4  5  6 |
---------------+-------------------+-----
Short Blades   | 2 3 4 5 |  5.2
Stealth        | 5 6 |  6.7
Hexes          | 5 6 |  6.5
Spellcasting   | 3 |  3.6
Dodging        | |  2.1

Action                   |  1- 3 |  4- 6 |  7- 9 || total
-------------------------+-------+-------+-------++-------
Melee: Dagger            |    87 |   265 |     2 ||   354
       Bite              |     4 |    20 |       ||    24
 Cast: Corona            |     5 |     8 |       ||    13
       Ensorcelled Hiber |       |    15 |     2 ||    17
  Use: Potion            |       |     4 |       ||     4
 Stab: Sleeping          |    13 |    13 |     2 ||    28
Armor: Robe              |    12 |    55 |       ||    67
Dodge: Dodged            |    49 |   151 |     4 ||   204

Table legend:
 A = Non-vault XP
 B = Vault XP
 C = Vault XP percentage of total XP
 D = Non-vault monster count
 E = Vault monster count
 F = Vault count percentage of total count
                 A         B        C        D         E       F
            +---------+---------+-------+---------+---------+-------
      Total |     502 |     270 |  35.0 |      97 |      24 |  19.8
            +---------+---------+-------+---------+---------+-------
        D:1 |      47 |       6 |  11.3 |      27 |       4 |  12.9
        D:2 |      94 |      36 |  27.7 |      30 |       1 |   3.2
        D:3 |      84 |      63 |  42.9 |      24 |       9 |  27.3
        D:4 |     277 |      55 |  16.6 |      16 |       4 |  20.0
      Sewer |       0 |     110 | 100.0 |       0 |       6 | 100.0
            +---------+---------+-------+---------+---------+-------
